 Dungeon Crawl Stone Soup version 0.26.1-11-gd32895ea62 (webtiles) character file.

Game seed: 2835618329083507605

140 Almogavar the Conjurer (level 5, -3/28 HPs)
             Began as a Kobold Conjurer on July 6, 2021.
             Killed by divine providence
             ... invoked by an orc priest
              (12 damage)
             ... on level 3 of the Dungeon.
             The game lasted 00:10:36 (3326 turns).

Almogavar the Conjurer (Kobold Conjurer)            Turns: 3326, Time: 00:10:38

Health: -3/28      AC:  4    Str:  4    XL:     5   Next: 46%
Magic:  0/9        EV: 15    Int: 21    God:
Gold:   122        SH:  0    Dex: 13    Spells: 2/9 levels left

rFire    . . .     SeeInvis +   h - +0 dagger
rCold    . . .     Faith    .   (shield restricted)
rNeg     . . .     Spirit   .   a - +0 robe
rPois    .         Reflect  .   (no helmet)
rElec    .         Harm     .   (no cloak)
rCorr    .         Rampage  .   m - +1 pair of gloves
Will     .....                  (no boots)
Stlth    +++.......             (no amulet)
HPRegen  0.09/turn              j - ring of see invisible
MPRegen  0.11/turn              (no ring)

@: no status effects
A: small, nightstalker 3
a: no special abilities


You were on level 3 of the Dungeon.
You visited 1 branch of the dungeon, and saw 3 of its levels.

You collected 122 gold pieces.

Inventory:

Hand Weapons
 h - a +0 dagger (weapon)
Missiles
 b - 18 poisoned darts (quivered)
Armour
 a - a +0 robe (worn)
 c - a +0 leather armour
 e - a +0 scale mail
 m - a +1 pair of gloves (worn)
Jewellery
 j - a ring of see invisible (left hand)
Scrolls
 d - a scroll of teleportation
 k - a scroll of remove curse {unknown}
Potions
 i - a potion of heal wounds
 l - a potion of berserk rage {unknown}


   Skills:
 + Level 1.8 Throwing
 + Level 2.8 Dodging
 + Level 3.4 Stealth
 + Level 2.7 Spellcasting
 + Level 5.4 Conjurations


You had 2 spell levels left.
You knew the following spells:

 Your Spells              Type           Power        Failure   Level
a - Magic Dart            Conj           100%         1%          1
b - Searing Ray           Conj           50%          2%          2
c - Iskenderun's Mystic   Conj/Tloc      14%          41%         4

Your spell library contained the following spells:

 Spells                   Type           Power        Failure   Level
 Dazzling Flash           Conj/Hex       28%          14%         3
 Fulminant Prism          Conj/Hex       7%           41%         4


Dungeon Overview and Level Annotations

Branches:
Dungeon (3/15)

Altars:


Innate Abilities, Weirdness & Mutations

You are small and have problems with some larger weapons.
You are completely attuned to the shadows.


Message History

The orc priest is heavily wounded.
You finish channeling your searing ray.
You hear a shout!
Casting: Searing Ray (safe; 2% risk of failure)
Confirm with . or Enter, or press ? or * to list all spells.
Aiming: Searing Ray (safe; 2% risk of failure)
Press: ? - help, Shift-Dir - straight line, f - orc
Aim: an orc, wielding a +0 war axe (21% to evade)
The searing ray hits the orc priest.
The orc priest is almost dead.
The searing ray hits the orc.
The orc is severely wounded. (Press . to maintain the ray.)
The searing ray hits the orc priest.
The orc priest is almost dead.
The searing ray hits the orc!
You kill the orc!
The orc priest mumbles some strange prayers to Beogh against you.
Beogh smites you!
You die...

*,,*,,,,,,,*≈≈≈*,,,,
***,,***,,,,,*≈≈≈*<,,,
*,,,,,,*,**,,*≈≈≈*,,,,
********,**,,*≈≈≈*,*,,
*,,,,,,,*.o.*≈∩≈*,*,,
#,####**#.oo*≈≈≈***,,
#.#..,,,....*≈≈≈*,,,,
##.#.####)...*≈≈≈**,,,
#....@.o)....*≈≈≈*,,,,
####.#)......*,,,*,,,,
#.#.......,,,*,,,,,
####.#.......,,,*,,,,,
#<...#.....g.,,,*,,,,,
######,,,,,,,,,,*,,,,,
*,,,,,,,,,,******
*,,,,,,,,,,*
*,,,,,,,,,,*


You could see an orc priest.

Vanquished Creatures
  3 gnolls (D:2)
  An adder (D:2)
  An ooze (D:3)
  3 worms (D:2)
  4 dart slugs
  A leopard gecko (D:2)
  2 orcs (D:3)
  5 bats
  5 giant cockroaches
  13 goblins
  7 hobgoblins
  8 jackals
  7 kobolds
  2 quokkas (D:2)
  4 frilled lizards
  6 rats
72 creatures vanquished.

Notes
Turn   | Place    | Note
-------+----------+-------------------------------------------
     0 | D:1      | Almogavar the Kobold Conjurer began the quest for the Orb.
     0 | D:1      | Reached XP level 1. HP: 10/10 MP: 3/3
   186 | D:1      | Reached XP level 2. HP: 15/15 MP: 0/5
   650 | D:1      | Learned a level 2 spell: Searing Ray
   777 | D:1      | Reached XP level 3. HP: 19/19 MP: 1/6
  1587 | D:2      | Reached skill level 1 in Throwing
  1709 | D:2      | Reached skill level 5 in Conjurations
  1709 | D:2      | Reached XP level 4. HP: 5/24 MP: 2/7
  2275 | D:2      | Reached XP level 5. HP: 28/28 MP: 3/8
  2924 | D:2      | Learned a level 4 spell: Iskenderun's Mystic Blast
  3326 | D:3      | Killed from afar by an orc priest

Illustrated notes

Levels and vault maps discovered:
D:1:      roderic_octagonal_star, layout_loops_ring, minmay_tetromino_i2
D:2:      layout_basic
D:3:      cheibrodos_greedy_goblins, layout_basic, okawaru_trees_2, minitemple,
          portal_sewer_entry_f, chequers_serial_rivers_large_a

Skill      XL: |  1  2  3 |
---------------+----------+-----
Stealth        | 3 |  3.4
Throwing       | 1 |  1.8
Conjurations   | 5 |  5.4
Dodging        | |  2.8
Spellcasting   | |  2.7

Action                   |  1- 3 |  4- 6 || total
-------------------------+-------+-------++-------
Melee: Dagger            |       |     3 ||     3
Throw: Dart              |    20 |    14 ||    34
 Cast: Magic Dart        |    35 |     3 ||    38
       Searing Ray       |    18 |    28 ||    46
  Use: Scroll            |       |     4 ||     4
 Stab: Sleeping          |       |     2 ||     2
Armor: Robe              |     2 |       ||     2
Dodge: Dodged            |    28 |     7 ||    35
